 Dungeon Crawl Stone Soup version 0.17-a0-1497-g03599f7 (webtiles) character file.

101532 nuthulu the Warrior (level 16, -7/162 HPs)
             Began as a Hill Orc Fighter on June 30, 2015.
             Was a High Priest of Okawaru.
             Killed from afar by a shock serpent (9 damage)
             ... with a bolt of electricity
             ... on level 1 of the Snake Pit on July 6, 2015.
             The game lasted 01:50:12 (37680 turns).

nuthulu the Warrior (Hill Orc Fighter)             Turns: 37680, Time: 01:50:12

Health: -7/162     AC: 33    Str: 25    XL:     16   Next: 30%
Magic:  0/16       EV:  3    Int:  8    God:    Okawaru [*****.]
Gold:   1849       SH: 11    Dex: 14    Spells: 0 memorised, 15 levels left

rFire  . . .     SeeInvis .     a - +3 flail (protect)
rCold  . . .     Clarity  +     D - +0 crystal plate armour
rNeg   + . .     SustAt   .     c - +1 shield
rPois  +         Gourm    .     h - +2 hat of the Bear Spirit {Spirit, +Rage rN+ MR++}
rElec  .         Spirit   +     b - +0 cloak {MR+}
rCorr  .         Warding  .     o - +2 pair of gloves {Dex+3}
rMut   .         Stasis   .     n - +1 pair of boots
MR     +++++                    W - amulet of clarity
Stlth  ..........               V - ring of poison resistance
                                v - ring "Qihuygg" {+Fly MR+}

@: very heavily drained, almost entirely resistant to hostile enchantments,
extremely unstealthy
A: no striking features
a: Heroism, Finesse, Renounce Religion, Evoke Berserk Rage, Evoke Flight


You were on level 1 of the Snake Pit.
You worshipped Okawaru.
Okawaru was extremely pleased with you.
You were hungry.

You visited 4 branches of the dungeon, and saw 28 of its levels.
You also visited: Labyrinth and Bailey.

You collected 3086 gold pieces.
You spent 1237 gold pieces at shops.

Inventory:

Hand weapons
 a - a +3 flail of protection (weapon)
 r - a +5 flail of draining
 s - the +1 flail of the Firefly {drain, *Corrode rElec rPois rF+++}
   (You found it on level 1 of the Lair of Beasts)

   A truly terrible weapon, it drains the life of those it strikes.
   It renders you almost immune to fire.
   It insulates you from electricity.
   It protects you from poison.
   It may corrode your equipment when you take damage.
 T - a +1 morningstar of holy wrath
Missiles
 g - 18 throwing nets (quivered)
Armour
 b - a +0 cloak of magic resistance (worn)
 c - a +1 shield (worn)
 h - the +2 hat of the Bear Spirit (worn) {Spirit, +Rage rN+ MR++}
   (Okawaru gifted it to you on level 3 of the Lair of Beasts)

   It protects you from negative energy.
   It affects your resistance to hostile enchantments.
   It lets you go berserk.
 n - a +1 pair of boots (worn)
 o - a +2 pair of gloves of dexterity (worn)
 D - a +0 crystal plate armour (worn)
 F - a +2 cloak
 I - the +0 hat "Xihidwug" {rElec rC+++ rN+ MP-9}
   (Okawaru gifted it to you on level 11 of the Dungeon)

   It renders you almost immune to cold.
   It insulates you from electricity.
   It protects you from negative energy.
   It affects your magic capacity (-9).
Jewellery
 e - an uncursed amulet of warding
 v - the ring "Qihuygg" (left hand) {+Fly MR+}
   (You found it in a labyrinth)

   [ring of flight]

   It affects your resistance to hostile enchantments.
   It lets you fly.
 x - an uncursed ring of magical power
 y - an uncursed ring of sustain attributes
 N - an uncursed ring of protection from fire
 R - an uncursed ring of protection from cold
 V - a ring of poison resistance (right hand)
 W - an amulet of clarity (around neck)
Magical devices
 i - a wand of heal wounds (4)
 q - a wand of confusion (43)
 J - a wand of magic darts (38)
 K - a wand of magic darts (24)
 M - a wand of polymorph (4)
 S - a wand of disintegration (16)
Scrolls
 k - 10 scrolls of teleportation
 A - 4 scrolls of magic mapping
 G - 6 scrolls of fear
 H - 7 scrolls of identify
 L - 4 scrolls of fog
 O - a scroll of summoning
 P - 5 scrolls of remove curse
 X - a scroll of recharging
 Y - 2 scrolls of holy word
 Z - 2 scrolls of blinking
Potions
 d - 4 potions of might
 f - 7 potions of haste
 l - 3 potions of resistance
 p - 3 potions of brilliance
 t - 4 potions of heal wounds
 u - a potion of cure mutation
 z - 9 potions of curing
 B - a potion of magic
 C - 5 potions of agility
 Q - 2 potions of cancellation
 U - 2 potions of flight
Comestibles
 j - 7 meat rations
 m - 7 fruits
 w - 13 bread rations
 E - 17 royal jellies


   Skills:
 + Level 20.1(12.0) Fighting
 - Level 14.0(6.9) Maces & Flails
 - Level 16.1(8.7) Armour
 * Level 11.9(5.1) Shields


You had 15 spell levels left.
You didn't know any spells.

Dungeon Overview and Level Annotations

Branches:
Dungeon (15/15)            Temple (0/1) D:6            Lair (8/8) D:8
 Shoals (0/4) Lair:3        Snake (1/4) Lair:5        Slime (0/6) Lair:8
    Orc (4/4) D:11            Elf (0/3) Orc:3        Vaults (0/5) D:14
 Depths (0/5) D:15

Altars:
Cheibriados
Dithmenos
Elyvilon
Fedhas
Kikubaaqudgha
Okawaru
Ru
Sif Muna
Trog
Vehumet
Yredelemnul
The Shining One

Shops:
D:8 *   D:10 (   Orc:3 }   Orc:4 (((!


Message History

Unknown command.
You closely miss the shock serpent.
The shock serpent is heavily wounded.
The shock serpent bites you but does no damage. x2
You sock the shock serpent!
The shock serpent is severely wounded.
The shock serpent's electric aura discharges!
The lightning shocks you. The shock serpent bites you.
* * * LOW HITPOINT WARNING * * *
The shock serpent shocks you!
* * * LOW HITPOINT WARNING * * *
You hit the shock serpent.
The shock serpent is almost dead.
The shock serpent's electric aura discharges!
The lightning shocks you.
* * * LOW HITPOINT WARNING * * *
You block the shock serpent's attack.
The shock serpent shoots out a bolt of lightning at you!
The bolt of electricity hits you!
You die...

#...##.#.###
#....#.#.#
###.)..#.# ##.##
###...###.#
......#......##.#
#..<##...##.#
..........#...#.#
##.###....(...#.##
# #...#...@S..#
#####...#...#
##.###..# #.# #..#
.. #..# ... ...#
#... ...# ....
....# #....


You could see a shock serpent.

Vanquished Creatures
  A stone giant (Orc:4)
  The ghost of HEYYEYAAE the Unseen, a powerful SpBe of Trog (Snake:1)
  Nessos (Orc:3)
  8 vault guards (D:14)
  A minotaur (Lab)
  Josephine (Orc:3)
  2 ice dragons (D:15)
  8 hydras
  A tengu warrior (D:15)
  A centaur warrior (D:9)
  3 orc high priests (Orc:4)
  4 naga sharpshooters
  4 unseen horrors
  5 hill giants
  5 orc knights
  A griffon (Lair:8)
  4 orc sorcerers (Orc:4)
  4 ugly things
  8 elephants
  5 cyclopes
  5 manticores
  12 black mambas
  Psyche (D:8)
  An eye of devastation (Lair:8)
  6 torpor snails
  A kobold demonologist (D:13)
  19 spiny frogs
  A gargoyle (D:12)
  3 yaktaurs (D:15)
  A queen bee (Lair:4)
  3 trolls
  An efreet (D:14)
  A two-headed ogre (D:8)
  7 komodo dragons
  A two-headed ogre (shapeshifter) (D:14)
  3 fire drakes
  Grinder (D:6)
  Prince Ribbit (Lair:1)
  A hornet zombie (D:15)
  2 boulder beetles
  A giant leech (Lair:8)
  22 blink frogs
  6 wraiths
  3 wyverns
  2 trapdoor spiders (D:13)
  44 yaks
  2 hungry ghosts
  2 vampires
  A hog (shapeshifter) (D:13)
  15 hippogriffs
  7 basilisks
  2 deep elf magi
  6 wargs
  19 wolves
  11 vampire mosquitoes
  8 porcupines
  8 nagas
  13 water moccasins
  2 ice beasts
  2 eyes of draining
  28 orc warriors
  3 boggarts (D:15)
  A necrophage (D:9)
  4 phantoms
  12 centaurs
  A wasp (D:11)
  2 black bears
  8 sky beasts
  15 ogres
  A big kobold (D:13)
  18 crocodiles
  A brain worm (Lair:3)
  A wyvern zombie (D:11)
  An elf zombie (D:9)
  40 giant frogs
  5 gnoll sergeants
  2 wyvern skeletons
  3 scorpions
  38 killer bees
  7 electric eels
  13 wights
  10 crimson imps
  2 giant frog zombies
  22 orc priests
  3 human zombies (D:9)
  28 orc wizards
  4 centaur zombies
  4 giant frog skeletons
  3 gnoll shamans (D:10)
  A quasit (D:11)
  Crazy Yiuf (D:7)
  3 jellies
  6 centaur skeletons
  18 hounds
  A human skeleton (D:9)
  10 iguanas
  11 worker ants
  13 sheep
  An ogre zombie (D:9)
  Robin (D:1)
  18 adders
  50 gnolls
  93 river rats
  6 shadow imps
  3 oozes
  An adder zombie (D:9)
  A worm (D:4)
  3 giant geckos
  155 orcs
  A bat skeleton (D:8)
  9 giant cockroaches
  25 goblins
  15 hobgoblins
  28 kobolds
  3 quokkas
  A ball python (D:2)
  17 bats
  2 giant gecko skeletons
  A giant gecko zombie (D:6)
  3 giant newts
  17 jackals
  A jackal zombie (D:5)
  An orc skeleton (D:9)
  2 orc zombies (D:9)
  12 rats
  2 plants
1131 creatures vanquished.

Vanquished Creatures (others)
  A vampire mosquito (Lair:8)
  An orc (Orc:2)
  A quokka (D:8)
  50 fungi
  34 plants
87 creatures vanquished.

Grand Total: 1218 creatures vanquished

Notes
Turn   | Place    | Note
--------------------------------------------------------------
     0 | D:1      | nuthulu the Hill Orc Fighter began the quest for the Orb.
     0 | D:1      | Reached XP level 1. HP: 19/19 MP: 1/1
   263 | D:1      | Reached XP level 2. HP: 25/27 MP: 2/2
   347 | D:1      | Reached skill level 4 in Fighting
  1115 | D:2      | Noticed Robin
  1127 | D:2      | Reached XP level 3. HP: 33/33 MP: 3/3
  1160 | D:1      | Killed Robin
  1656 | D:2      | Reached XP level 4. HP: 38/41 MP: 4/4
  1772 | D:2      | Found an iron altar of Okawaru.
  1817 | D:2      | Found a bloodstained altar of Trog.
  1913 | D:2      | Found a deep blue altar of Sif Muna.
  1920 | D:2      | Found a glowing golden altar of the Shining One.
  1982 | D:2      | Reached skill level 5 in Fighting
  2209 | D:2      | Became a worshipper of Warmaster Okawaru
  3037 | D:4      | Noticed a phantom
  3065 | D:4      | Killed a phantom
  3065 | D:4      | Reached XP level 5. HP: 42/50 MP: 5/5
  3351 | D:4      | Reached skill level 6 in Fighting
  3351 | D:4      | Reached XP level 6. HP: 42/57 MP: 6/6
  3374 | D:4      | Reached skill level 5 in Maces & Flails
  3646 | D:4      | Acquired Okawaru's first power
  3964 | D:4      | Reached skill level 7 in Fighting
  4197 | D:4      | Noticed an ogre
  4205 | D:4      | Killed an ogre
  4205 | D:4      | Reached XP level 7. HP: 66/66 MP: 7/7
  4687 | D:5      | Entered Level 5 of the Dungeon
  4738 | D:4      | Reached skill level 8 in Fighting
  4918 | D:5      | Reached XP level 8. HP: 58/75 MP: 8/8
  5445 | D:5      | Found a blossoming altar of Fedhas.
  5455 | D:5      | Reached skill level 9 in Fighting
  6182 | D:6      | Reached skill level 10 in Fighting
  6229 | D:6      | Reached XP level 9. HP: 85/85 MP: 9/9
  6231 | D:6      | Found a staircase to the Ecumenical Temple.
  6237 | D:6      | Noticed Grinder
  6250 | D:6      | Paralysed by Grinder for 2 turns
  6253 | D:6      | Killed Grinder
  6330 | D:6      | Got a heavy robe
  6341 | D:6      | Identified the cursed +0 robe of Hadubeaq {*Drain rN+ Str+4} (You found it on level 6 of the Dungeon)
  7576 | D:6      | Reached skill level 11 in Fighting
  7899 | D:7      | Reached skill level 10 in Maces & Flails
  8367 | D:7      | Noticed Crazy Yiuf
  8379 | D:7      | Killed Crazy Yiuf
  8549 | D:7      | You fall through a shaft for 2 floors!
  8680 | D:9      | Noticed a centaur warrior
  8702 | D:9      | Killed a centaur warrior
  8702 | D:9      | Reached skill level 12 in Fighting
  8702 | D:9      | Reached XP level 10. HP: 63/97 MP: 10/10
  8927 | D:9      | HP: 2/97 [orc priest/divine providence (16)]
  9824 | D:9      | Found an ancient bone altar of Kikubaaqudgha.
 10242 | D:9      | Reached skill level 13 in Fighting
 10563 | D:8      | Found a staircase to the Lair.
 10581 | D:8      | Acquired Okawaru's second power
 10836 | D:8      | Noticed Psyche
 10844 | D:8      | Paralysed by Psyche for 4 turns
 10857 | D:8      | Killed Psyche
 10930 | D:8      | Found a flagged portal.
 10949 | Bailey   | Entered a bailey
 11110 | Bailey   | Noticed an orc knight
 11222 | Bailey   | Killed an orc knight
 11222 | Bailey   | Reached XP level 11. HP: 52/108 MP: 9/11
 11694 | D:8      | Found a white marble altar of Elyvilon.
 11877 | D:8      | Found a shadowy altar of Dithmenos.
 12101 | D:8      | Found a basalt altar of Yredelemnul.
 12132 | D:8      | Got a scorched scale mail
 12158 | D:8      | Identified the +4 scale mail of Jahuc {rC+ rCorr} (You found it on level 8 of the Dungeon)
 12159 | D:8      | Reached skill level 14 in Fighting
 12323 | D:8      | Found Zoceo's General Store.
 12328 | D:8      | Bought a potion of heal wounds for 75 gold pieces
 12328 | D:8      | Bought a scroll of identify for 30 gold pieces
 12328 | D:8      | Bought a potion of curing for 45 gold pieces
 12328 | D:8      | Bought a scroll of identify for 30 gold pieces
 12746 | D:7      | Received a gift from Okawaru
 12857 | D:10     | Entered Level 10 of the Dungeon
 13162 | D:10     | Received a gift from Okawaru
 13286 | D:10     | Noticed a hill giant
 13302 | D:10     | Killed a hill giant
 13838 | D:10     | Found Voera's Weapon Boutique.
 14107 | D:10     | Gained mutation: Your spells are a little harder to cast, but a little more powerful. [potion of mutation]
 14107 | D:10     | Gained mutation: You are frail (-10% HP). [potion of mutation]
 14107 | D:10     | Gained mutation: Scrolls take you a little longer to read. [potion of mutation]
 14108 | D:10     | Lost mutation: Scrolls take you a little longer to read. [potion of cure mutation]
 14108 | D:10     | Lost mutation: Your spells are a little harder to cast, but a little more powerful. [potion of cure mutation]
 14108 | D:10     | Lost mutation: You are frail (-10% HP). [potion of cure mutation]
 14986 | Lair:1   | Entered Level 1 of the Lair of Beasts
 15244 | Lair:1   | Got an encrusted flail
 15290 | Lair:1   | Identified the +1 flail of the Firefly {drain, *Corrode rElec rPois rF+++} (You found it on level 1 of the Lair of Beasts)
 15424 | Lair:1   | Noticed Prince Ribbit
 15455 | Lair:1   | Killed Prince Ribbit
 15455 | Lair:1   | Reached skill level 15 in Fighting
 15630 | Lair:1   | Received a gift from Okawaru
 15843 | Lair:1   | Reached XP level 12. HP: 108/121 MP: 12/12
 15917 | Lair:1   | Reached skill level 5 in Armour
 16200 | Lair:1   | Noticed a four-headed hydra
 16216 | Lair:1   | Killed a four-headed hydra
 16709 | Lair:2   | Found a radiant altar of Vehumet.
 17484 | Lair:2   | Noticed a seven-headed hydra
 17495 | Lair:2   | Killed a seven-headed hydra
 17543 | Lair:2   | Reached skill level 16 in Fighting
 18351 | Lair:3   | Found a staircase to the Shoals.
 18594 | Lair:3   | Received a gift from Okawaru
 18969 | Lair:3   | Reached skill level 10 in Armour
 19426 | Lair:4   | Reached XP level 13. HP: 130/130 MP: 13/13
 20198 | Lair:4   | Found a frozen archway.
 20706 | Lair:5   | Found a staircase to the Snake Pit.
 21477 | Lair:5   | Reached skill level 17 in Fighting
 21896 | Lair:6   | Found a snail-covered altar of Cheibriados.
 22109 | Lair:6   | Received a gift from Okawaru
 23967 | Lair:8   | Entered Level 8 of the Lair of Beasts
 24118 | Lair:8   | Reached XP level 14. HP: 116/140 MP: 14/14
 24516 | Lair:8   | Received a gift from Okawaru
 24583 | Lair:8   | Upgraded the game from 0.17-a0-1450-g7e755d1 to 0.17-a0-1485-g22cb0ee
 24961 | Lair:8   | Found a staircase to the Slime Pits.
 24981 | Lair:8   | Reached skill level 18 in Fighting
 25950 | Lair:8   | Reached skill level 15 in Armour
 27251 | D:11     | Found a staircase to the Orcish Mines.
 27253 | D:11     | Noticed a hill giant
 27261 | D:11     | Killed a hill giant
 27325 | D:11     | Received a gift from Okawaru
 27363 | D:11     | Got a shimmering hat {god gift}
 27369 | D:11     | Identified the +0 hat "Xihidwug" {rElec rC+++ rN+ MP-9} (Okawaru gifted it to you on level 11 of the Dungeon)
 27985 | D:12     | Found a labyrinth entrance.
 28008 | Lab      | Entered a labyrinth
 28135 | Lab      | Got an ichor-stained plate armour
 28136 | Lab      | Identified the cursed +1 plate armour "Vefex" {+Fly Str+2} (You found it in a labyrinth)
 28157 | Lab      | Got a wavering steel ring
 28159 | Lab      | Identified the ring "Qihuygg" {+Fly MR+} (You found it in a labyrinth)
 28727 | Orc:1    | Entered Level 1 of the Orcish Mines
 28739 | Orc:1    | Reached XP level 15. HP: 150/150 MP: 15/15
 29471 | Orc:3    | Found Kody's Quality Used Wands.
 29525 | Orc:3    | Found a staircase to the Elven Halls.
 29590 | Orc:3    | Noticed Nessos
 29628 | Orc:3    | Killed Nessos
 30131 | Orc:3    | Noticed Josephine
 30140 | Orc:3    | Killed Josephine
 30140 | Orc:3    | Reached skill level 5 in Shields
 30248 | Orc:4    | Entered Level 4 of the Orcish Mines
 30521 | Orc:4    | Reached skill level 19 in Fighting
 30538 | Orc:4    | Found Moseuz's Distillery.
 30952 | Orc:4    | Found Mempo's Weapon Shop.
 31179 | Orc:4    | Found Futab's Weapon Shoppe.
 31193 | Orc:4    | Found Qual's Weapon Shoppe.
 31195 | Orc:4    | Bought a potion of haste for 140 gold pieces
 31195 | Orc:4    | Bought a potion of heal wounds for 70 gold pieces
 31241 | Orc:4    | Bought 2 potions of agility for 112 gold pieces
 31241 | Orc:4    | Bought a potion of curing for 42 gold pieces
 31241 | Orc:4    | Bought a potion of curing for 42 gold pieces
 31241 | Orc:4    | Bought 2 potions of might for 112 gold pieces
 31241 | Orc:4    | Bought 2 potions of curing for 84 gold pieces
 31241 | Orc:4    | Bought a potion of might for 56 gold pieces
 32848 | D:13     | Received a gift from Okawaru
 34616 | D:14     | Found a gate to the Vaults.
 34701 | D:14     | Reached skill level 10 in Shields
 35166 | D:14     | Reached XP level 16. HP: 149/162 MP: 14/16
 35249 | D:14     | Found a sacrificial altar of Ru.
 35340 | D:15     | Entered Level 15 of the Dungeon
 35365 | D:15     | Found Lixuck's Food Shop.
 35373 | D:15     | Bought a bread ration for 70 gold pieces
 35373 | D:15     | Bought a bread ration for 70 gold pieces
 35373 | D:15     | Bought a bread ration for 70 gold pieces
 35373 | D:15     | Bought a royal jelly for 28 gold pieces
 35373 | D:15     | Bought a beef jerky for 21 gold pieces
 35373 | D:15     | Bought a bread ration for 70 gold pieces
 35373 | D:15     | Bought a meat ration for 70 gold pieces
 36208 | D:15     | Received a gift from Okawaru
 36333 | D:15     | Found a staircase to the Depths.
 36944 | Snake:1  | Entered Level 1 of the Snake Pit
 36944 | Snake:1  | Noticed HEYYEYAAE's ghost (powerful SpBe)
 36979 | Lair:5   | Reached skill level 20 in Fighting
 37331 | Snake:1  | Killed HEYYEYAAE's ghost
 37660 | Snake:1  | Upgraded the game from 0.17-a0-1485-g22cb0ee to 0.17-a0-1497-g03599f7
 37680 | Snake:1  | HP: 2/162 [shock serpent/electric aura (10)]
 37680 | Snake:1  | Killed from afar by a shock serpent

Vault maps used:
D:1:      lemuel_arrival_behind_the_door_large
D:2:      lightli_temple_of_fire, nicolae_overflow_hidden_temple,
          grunt_temple_overflow_open, uniq_robin
D:3:      first_bread
D:5:      kennysheep_mini_moat
D:6:      minmay_temple_entry_purple_smoke, uniq_grinder
D:7:      uniq_crazy_yiuf_cottage
D:8:      grunt_dithmenos_smoke_and_mirrors, yredelemnul_altar_generic,
          elyvilon_altar_4, erik_lair_orcish_takeover, serial_shops,
          nicolae_shop_trees, enter_bailey_2, uniq_psyche
D:9:      lemuel_mausoleum_altar_kikubaaqudgha
D:10:     serial_gnoll_camp, gnoll_camp_mini_shop, gnoll_camp_huts_moat,
          gnoll_camp_mini_loothouse, gnoll_camp_medium_02, gnoll_camp_medium_01
D:11:     david_orc_1_choice
D:12:     lab_entry_generic
D:14:     erik_vaults_2, nicolae_ru_path_of_blood
D:15:     grunt_enter_depths_hoard, serial_shops, shop, minmay_door_square
Lair:1:   enter_volcano_3, uniq_prince_ribbit2
Lair:2:   basic_altar, st_stairs_6, ldierk_geyser
Lair:3:   elwin_shoals_entry_rocks, serial_bayou_shore_b,
          infiniplex_staircase_pool, grunt_megastairs_3
Lair:4:   portal_ice_cave_entry_pillars_02, kennysheep_basilisk_garden,
          lemuel_fruit_fields, lemuel_fruit_fields
Lair:5:   guppyfry_snake_entry_garden, grunt_megastairs_2
Lair:6:   st_stairs_8, minmay_holes, kennysheep_snail_temple
Lair:8:   minmay_lair_end_frog_pond, minmay_slime_entry_eyes
Snake:1:  nicolae_snake_linked_coils
Orc:3:    nicolae_orc_pool_cavern, nicolae_for_you_no_charge, uniq_josephine,
          uniq_nessos, uniq_rupert
Orc:4:    st_orc_elflike
Lab:      labyrinth_skeletal_remains
Bailey:   bailey_polearm_1, bailey

Action                   |  1- 3 |  4- 6 |  7- 9 | 10-12 | 13-15 | 16-18 || total
-------------------------+-------+-------+-------+-------+-------+-------++-------
Melee: Flail             |   146 |   277 |   486 |  1219 |  2299 |   430 ||  4857
Throw: Throwing net      |       |       |       |     1 |       |       ||     1
Invok: Heroism           |       |       |     1 |     4 |     5 |     2 ||    12
       Finesse           |       |       |       |       |       |     2 ||     2
Evoke: Wand              |       |       |       |     1 |     6 |     1 ||     8
  Use: Scroll            |     4 |     8 |    10 |    12 |    15 |     1 ||    50
       Potion            |       |       |     3 |     5 |     5 |     1 ||    14
 Stab: Invisible         |       |       |       |     1 |     1 |       ||     2
  Eat: Chunk             |     3 |     8 |    11 |    16 |    30 |       ||    68
       Bread ration      |       |       |     1 |       |       |       ||     1
       Meat ration       |       |       |       |     3 |     1 |     1 ||     5
       Royal jelly       |       |       |       |     1 |     6 |       ||     7
       Beef jerky        |       |       |       |     1 |     3 |     1 ||     5
       Pizza             |       |       |       |     1 |       |     2 ||     3
